 Dungeon Crawl Stone Soup version 0.30.0 (webtiles) character file.

Game seed: 4470133478747777651

130 BuckSanders the Digger (level 5, -1/28 HPs)
             Began as a Gargoyle Earth Elementalist on Aug 26, 2023.
             Slain by an iguana (11 damage)
             ... on level 4 of the Dungeon.
             The game lasted 00:06:48 (2832 turns).

BuckSanders the Digger (GrEE)                       Turns: 2832, Time: 00:06:50

Health: -1/28      AC:  7    Str: 12    XL:     5   Next: 14%
Magic:  13/19      EV: 12    Int: 17    God:
Gold:   120        SH:  0    Dex: 10    Spells: 9/10 levels left

rFire   . . .        i - staff of cold
rCold   + . .        (no shield)
rNeg    + . .        a - +0 robe
rPois   ∞            (no helmet)
rElec   +            (no cloak)
rCorr   .            m - +0 pair of gloves
SInv    .            (no boots)
Will    .....        (no amulet)
Stlth   ++           l - ring of flight
HPRegen 0.24/turn    n - ring of magical power
MPRegen 0.16/turn

%: no passive effects
@: flying
A: sickness immunity, AC +4, negative energy resistance 1, electricity
resistance, torment resistance 1, petrification resistance
a: no special abilities


You were on level 4 of the Dungeon.
You visited 1 branch of the dungeon, and saw 4 of its levels.

You collected 120 gold pieces.

Inventory:

Hand Weapons
 g - a +1 dagger of venom
Armour
 a - a +0 robe (worn)
 m - a +0 pair of gloves (worn)
Magical Staves
 i - a staff of cold (weapon)
Jewellery
 l - a ring of flight (left hand)
 n - a ring of magical power (right hand)
Wands
 q - a wand of charming (11)
Scrolls
 d - 6 scrolls of identify {unknown}
 e - a scroll of magic mapping {unknown}
 f - 2 scrolls of teleportation {unknown}
 h - a scroll of summoning {unknown}
 j - a scroll of silence {unknown}
 k - a scroll of enchant weapon {unknown}
 p - a scroll of amnesia {unknown}
 r - a scroll of vulnerability {unknown}
 s - a scroll of fear {unknown}
 t - a scroll of noise {unknown}
 u - a scroll of enchant armour {unknown}
Potions
 b - 2 potions of magic
 c - a potion of haste {unknown}
 o - a potion of heal wounds {unknown}
 v - a potion of lignification {unknown}


   Skills:
 - Level 1.8 Dodging
 - Level 2.5 Stealth
 + Level 3.4 Spellcasting
 - Level 1.1 Transmutations
 + Level 5.2 Earth Magic


You had 9 spell levels left.
You knew the following spells:

 Your Spells              Type           Power      Damage    Failure   Level
a - Sandblast             Erth           40%        2d10      1%          1

Your spell library contained the following spells:

 Spells                   Type           Power      Damage    Failure   Level
 Passwall                 Tmut/Erth      10%        N/A       7%          2
 Stone Arrow              Conj/Erth      22%        3d8       17%         3
 Petrify                  Tmut/Erth      13%        N/A       41%         4


Dungeon Overview and Level Annotations

Branches:
Dungeon (4/15)
 Temple: D:4-7

Altars:
Makhleb
Okawaru

Shops:
D:4 (


Innate Abilities, Weirdness & Mutations

You are immune to sickness and miasma.
Your stone body is resilient. (AC +4)
You are immune to poison.
You resist negative energy. (rN+)
You are resistant to electric shocks. (rElec)
You are resistant to unholy torment.
You are immune to petrification.


Message History

Casting: Sandblast (safe; 1% risk of failure)
Confirm with . or Enter, or press ? or * to list all spells.
Aiming: Sandblast (safe; 1% risk of failure)
Press: ? - help, Shift-Dir - straight line, f/p - iguana
Aim: an iguana (85% to hit)
The blast of sand misses the iguana.
The iguana bites you. The iguana bites you!
Casting: Sandblast (safe; 1% risk of failure)
Confirm with . or Enter, or press ? or * to list all spells.
Aiming: Sandblast (safe; 1% risk of failure)
Press: ? - help, Shift-Dir - straight line, f/p - iguana
Aim: an iguana (85% to hit)
The blast of sand hits the iguana.
The iguana is moderately wounded.
The iguana bites you.
Casting: Sandblast (safe; 1% risk of failure)
Confirm with . or Enter, or press ? or * to list all spells.
Aiming: Sandblast (safe; 1% risk of failure)
Press: ? - help, Shift-Dir - straight line, f/p - iguana
Aim: an iguana (moderately wounded, 85% to hit)
The blast of sand hits the iguana.
The iguana is heavily wounded.
The iguana barely misses you. The iguana completely misses you.
Casting: Sandblast (safe; 1% risk of failure)
Confirm with . or Enter, or press ? or * to list all spells.
Aiming: Sandblast (safe; 1% risk of failure)
Press: ? - help, Shift-Dir - straight line, f/p - iguana
Aim: an iguana (heavily wounded, 85% to hit)
The blast of sand hits the iguana.
The iguana is almost dead.
The iguana bites you!
Casting: Sandblast (safe; 1% risk of failure)
Confirm with . or Enter, or press ? or * to list all spells.
Aiming: Sandblast (safe; 1% risk of failure)
Press: ? - help, Shift-Dir - straight line, f/p - iguana
Aim: an iguana (almost dead, 85% to hit)
The blast of sand hits the iguana.
The iguana is almost dead.
The iguana bites you!
You die...

##.........
#.......... ###
##.........# ###>#
#..........# ##....
#.........# ###.....
#........# ##.......
#.l....#####........
##.#@..##............
#....................
#....######...........
....### #............
... #............ ..
#...........<# #
#............#
##..........##
#.........#


You could see an iguana.

Vanquished Creatures
  A hound (D:4)
  6 adders (D:3)
  A white imp (D:3)
  An ufetubus (D:4)
  A dart slug (D:3)
  7 ball pythons
  2 bats
  3 endoplasms
  3 hobgoblins
  3 quokkas
  2 frilled lizards
  3 goblins
  2 kobolds
35 creatures vanquished.

Vanquished Creatures (others)
  A plant (D:1)
1 creature vanquished.

Grand Total: 36 creatures vanquished

Notes
Turn   | Place    | Note
-------+----------+-------------------------------------------
     0 | D:1      | BuckSanders the Gargoyle Earth Elementalist began the quest
                  | for the Orb.
     0 | D:1      | Reached XP level 1. HP: 10/10 MP: 3/3
   579 | D:1      | You fall into a shaft and drop 1 floor!
   588 | D:2      | Reached skill level 1 in Transmutations
   588 | D:2      | Reached XP level 2. HP: 15/15 MP: 3/5
  1195 | D:2      | Found a burning altar of Makhleb.
  1874 | D:3      | Reached skill level 4 in Earth Magic
  1907 | D:3      | Reached XP level 3. HP: 11/19 MP: 6/6
  2110 | D:3      | Found an iron altar of Okawaru.
  2221 | D:3      | Reached XP level 4. HP: 24/24 MP: 8/8
  2652 | D:4      | Found Fikaomit's Weapon Shop.
  2701 | D:4      | Reached skill level 5 in Earth Magic
  2701 | D:4      | Reached XP level 5. HP: 20/28 MP: 10/10
  2832 | D:4      | Slain by an iguana

Illustrated notes

Levels and vault maps discovered:
D:1:      eino_arrival_tree_alley, layout_loops_ring, serial_forest,
          infiniplex_forest_lined_3_way, infiniplex_forest_lined_2,
          infiniplex_forest_lined_3, infiniplex_forest_end_2,
          infiniplex_forest_straight_3, infiniplex_forest_clump_curved,
          infiniplex_forest_lined_4_way, serial_bayou_pond_a,
          minmay_splitting_lines, st_stairs_13, minmay_misc_feat_nine_boxes
D:2:      layout_rooms, basic_altar, hangedman_decor_clover_reticule
D:3:      layout_loops_ring, okawaru_metal_pillars_1_2, hex_large,
          minmay_snake_closets
D:4:      layout_cave_pods, minmay_temple_entry_butterflies, serial_shops, shop

Skill      XL: |  1  2  3  4 |
---------------+-------------+-----
Transmutations | 1 |  1.1
Earth Magic    | 4 5 |  5.2
Spellcasting   | 3 |  3.4
Dodging        | |  1.8
Stealth        | |  2.5

Action                     |  1- 3 |  4- 6 || total
---------------------------+-------+-------++-------
  Melee: Dagger            |     5 |       ||     5
         Punch             |     1 |       ||     1
         Staff             |     5 |       ||     5
   Cast: Sandblast         |    39 |    23 ||    62
 Armour: Robe              |     4 |     6 ||    10
  Dodge: Dodged            |    16 |     5 ||    21
